 Dungeon Crawl Stone Soup version 0.31-a0-986-g5e6e4ef867 (webtiles) character file.

Game seed: 3079141955591682032

168 LeprechaunX the Changeling (level 5, -1/34 HPs)
             Began as an Octopode Shapeshifter on Nov 20, 2023.
             Frozen to death by an endoplasm (5 damage)
             ... on level 3 of the Dungeon.
             The game lasted 00:02:05 (1760 turns).

LeprechaunX the Changeling (Octopode Shapeshifter)  Turns: 1760, Time: 00:02:06

Health: -1/34      AC:  1    Str: 13    XL:     5   Next: 48%
Magic:  5/5        EV: 13    Int: 13    God:
Gold:   157        SH:  0    Dex: 13    Spells: 4/4 levels left

rFire   . . .        i - +5 whip of Due Proportion {spect, *Corrode rElec rN+}
rCold   . . .        (no shield)
rNeg    + . .        (helmet currently unavailable)
rPois   .            (no amulet)
rElec   +            (no ring)
rCorr   .            (no ring)
SInv    .            (no ring)
Will    .....        (no ring)
Stlth   ++           (no ring)
HPRegen 0.25/turn    (no ring)
MPRegen 0.09/turn    (no ring)
                     (no ring)

%: corrode self (3%)
@: beast-form
A: beast (slay +2), almost no armour, amphibious, 8 rings, camouflage 1,
gelatinous body 1, (nimble swimmer 1), tentacles
a: Begin Untransformation


You were on level 3 of the Dungeon.
You were a hulking beast.
You visited 1 branch of the dungeon, and saw 3 of its levels.

You collected 157 gold pieces.

Inventory:

Hand Weapons
 i - the +5 whip of Due Proportion (weapon) {spect, *Corrode rElec rN+}
   (You found it on level 2 of the Dungeon)

   rElec:     It insulates you from electricity.
   rN+:       It protects you from negative energy.
   *Corrode:  It may corrode you when you take damage.
Talismans
 b - a beast talisman
 c - a flux talisman
Scrolls
 d - 4 scrolls of identify {unknown}
 e - a scroll of fear {unknown}
 g - 3 scrolls of fog {unknown}
 k - a scroll of teleportation {unknown}
 l - a scroll of enchant armour {unknown}
Potions
 a - a potion of lignification
 f - a potion of curing {unknown}
 h - a potion of might {unknown}
 j - 2 potions of heal wounds {unknown}


   Skills:
 + Level 2.3 Fighting
 + Level 3.0 Dodging
 + Level 3.7 Unarmed Combat
 * Level 4.2 Shapeshifting


You had 4 spell levels left.
You didn't know any spells.
Your spell library contained the following spells:

 Spells                   Type           Power      Damage    Failure   Level
 Ensorcelled Hibernation  Hex/Ice        0%         N/A       43%         2
 Passwall                 Tmut/Erth      0%         N/A       43%         2
 Swiftness                Air            0%         N/A       67%         3


Dungeon Overview and Level Annotations

Branches:
Dungeon (3/15)

Altars:
Zin

Shops:
D:3 *


Innate Abilities, Weirdness & Mutations

You are a hulking beast.
Your limbs bulge with bestial killing power. (Slay +2)
You cannot wear most types of armour.
You are amphibious.
You can wear up to eight rings at the same time.
Your skin changes colour to match your surroundings (Stealth+).
Your rubbery body absorbs attacks. (AC +1, EV +1)
((You are camouflaged when in or above water. (Stealth+)))
You have tentacles for arms and can constrict up to eight enemies at once.


Message History

The orc hits you from afar with a +0 trident.
You closely miss the orc. You grab the orc. You squeeze the orc.
You kill the orc!
The orc closely misses you. The rat closely misses you.
The orc hits you with a +0 trident. The orc barely misses you.
The rat attacks as it pursues you! The rat closely misses you.
Things that are here:
a +0 mace; a +0 leather armour You hit the orc.
Your grab misses the orc.
The orc is heavily wounded.
The orc completely misses you. The orc hits you with a +0 club.
The rat closely misses you.
You whack the orc!
You kill the orc!
The orc hits you with a +0 club.
* * * LOW HITPOINT WARNING * * *
The rat bites you.
* * * LOW HITPOINT WARNING * * *
You hit the orc. Your grab misses the orc.
The orc is severely wounded.
The orc hits you with a +0 club.
* * * LOW HITPOINT WARNING * * *
The endoplasm closely misses you. The rat barely misses you.
Unknown command.
You barely miss the rat. You grab the rat. You constrict the rat.
The orc hits you but does no damage. The endoplasm closely misses you.
The rat bites you.
* * * LOW HITPOINT WARNING * * *
Unknown command.
You hit the rat.
You kill the rat!
The orc hits you with a +0 club.
* * * LOW HITPOINT WARNING * * *
The endoplasm closely misses you.
Unknown command.
You hit the orc.
You kill the orc!
The endoplasm freezes you.
You are frozen.
You die...

#. #.####### #. # #....>...
#####. ######.## #.......
......####...........######
.../............# #
#......##†###### #
#.....#h# # ###....oJ# #
#⌠_..∩...# # ###......## #
#........## #...#...###.##
######.#...#.#############
#<#...#..............
#.#...#)#############


You could see an orc and an endoplasm.

Vanquished Creatures
  2 orc priests (D:3)
  An orc wizard (D:3)
  An adder (D:2)
  A worm (D:2)
  2 dart slugs
  10 orcs (D:3)
  4 endoplasms
  A giant cockroach (D:1)
  3 goblins
  7 hobgoblins
  7 jackals
  2 quokkas
  2 ball pythons
  7 bats
  2 frilled lizards
  3 kobolds (D:1)
  3 rats
58 creatures vanquished.

Notes
Turn   | Place    | Note
-------+----------+-------------------------------------------
     0 | D:1      | LeprechaunX the Octopode Shapeshifter began the quest for
                  | the Orb.
     0 | D:1      | Reached XP level 1. HP: 13/13 MP: 1/1
    62 | D:1      | Reached XP level 2. HP: 9/18 MP: 2/2
   323 | D:1      | Reached XP level 3. HP: 18/23 MP: 3/3
  1096 | D:2      | Identified the +5 whip of Due Proportion {spect, *Corrode
                  | rElec rN+}
  1433 | D:3      | Reached XP level 4. HP: 27/29 MP: 4/4
  1443 | D:3      | Reached skill level 4 in Shapeshifting
  1452 | D:3      | Reached XP level 5. HP: 23/34 MP: 5/5
  1737 | D:3      | Found Zin's Purification Station.
  1742 | D:3      | Found a glowing silver altar of Zin.
  1760 | D:3      | Frozen to death by an endoplasm

Illustrated notes

Levels and vault maps discovered:
D:1:      dpeg_arrival_tiny_a, layout_basic
D:2:      layout_basic
D:3:      layout_loops_ring, zin_purify, uniq_jessica

Skill      XL: |  1  2  3  4  5 |
---------------+----------------+-----
Fighting       | 2 |  2.3
Shapeshifting  | 4 |  4.2
Dodging        | 3 |  3.0
Unarmed Combat | |  3.7

Action                     |  1- 3 |  4- 6 || total
---------------------------+-------+-------++-------
  Melee: Unarmed           |    56 |       ||    56
         Constrict         |    17 |    10 ||    27
         Tentacles         |    15 |     9 ||    24
         Whip              |     5 |    32 ||    37
   Stab: Sleeping          |     6 |     1 ||     7
         Distracted        |     1 |     1 ||     2
 Armour: Skin              |    23 |    19 ||    42
  Dodge: Dodged            |    26 |    23 ||    49

Table legend: (Time is in decaauts)
 A = Elapsed time spent in this place.
 B = Non-inter-level travel time spent in this place.
 C = Inter-level travel time spent in this place.
 D = Time resting spent in this place.
 E = Time spent auto-exploring this place.
 F = Levels seen in this place.
 G = Mean time per level.
                   A        B        C        D        E       F      G
               +--------+--------+--------+--------+--------+-----+--------+
         Total |   1760 |   1657 |    103 |    107 |   1270 |   3 |  586.7 |
       Dungeon |   1760 |   1657 |    103 |    107 |   1270 |   3 |  586.7 |
               +--------+--------+--------+--------+--------+-----+--------+

Top non-repeatable levels by time:
     D:1: 770 daAuts
     D:2: 653 daAuts
     D:3: 336 daAuts
